 Dungeon Crawl Stone Soup version 0.21.1-1-g345015f (webtiles) character file.

142 tyranidshit the Skirmisher (level 5, -1/46 HPs)
             Began as a Demonspawn Abyssal Knight on July 31, 2018.
             Was a Believer of Lugonu.
             Slain by a gnoll
             ... wielding a +0 halberd
              (11 damage)
             ... on level 3 of the Dungeon.
             The game lasted 00:04:09 (1807 turns).

tyranidshit the Skirmisher (DsAK)                   Turns: 1807, Time: 00:04:09

Health: -1/46      AC:  5    Str: 14    XL:     5   Next: 4%
Magic:  6/6        EV: 12    Int: 13    God:    Lugonu [**....]
Gold:   134        SH:  0    Dex: 12    Spells: 4/4 levels left

rFire    . . .     SeeInvis .   a - +1 hand axe
rCold    . . .     Gourm    .   (no shield)
rNeg     + . .     Faith    .   e - +0 ring mail
rPois    .         Spirit   .   (helmet restricted)
rElec    +         Reflect  .   (no cloak)
rCorr    .         Harm     .   (no gloves)
MR       .....                  (no boots)
Stlth    +.........             (no amulet)
HPRegen  0.15/turn              h - ring of positive energy
MPRegen  0.10/turn              m - +2 ring of evasion

@: no status effects
A: antennae 1, powered by pain 3, electricity resistance, wild magic 2
a: Depart the Abyss, Bend Space, Renounce Religion


You were on level 3 of the Dungeon.
You worshipped Lugonu.
Lugonu was pleased with you.
You were not hungry.

You visited 1 branch of the dungeon, and saw 3 of its levels.
You visited the Abyss 1 time.

You collected 134 gold pieces.

Inventory:

Hand Weapons
 a - a +1 hand axe (weapon)
Armour
 b - a +0 leather armour
 e - a +0 ring mail (worn)
 l - a cursed +0 helmet
Jewellery
 d - an uncursed ring of ice
 g - an uncursed ring of positive energy
 h - a ring of positive energy (left hand)
 m - a +2 ring of evasion (right hand)
Scrolls
 f - 2 scrolls of fog
 i - 2 scrolls of identify
 k - a scroll of enchant armour
Potions
 j - a potion of haste
Comestibles
 c - 6 rations


   Skills:
 + Level 5.8 Fighting
 - Level 1.7 Axes
 - Level 1.7 Armour
 - Level 0.8 Dodging
 - Level 2.4 Invocations


You had 4 spell levels left.
You didn't know any spells.

Dungeon Overview and Level Annotations

Branches:
Dungeon (3/15)

Altars:
Ashenzari


Innate Abilities, Weirdness & Mutations

You have a pair of small antennae on your head.
You are powered by pain.
You are resistant to electric shocks. (rElec)
Your spells are harder to cast, but more powerful.


Message History

It was a scroll of remove curse.
You hit the gnoll.
The gnoll is heavily wounded.
The gnoll hits you. The gnoll misses you.
You hit the gnoll.
The gnoll is severely wounded.
The gnoll closely misses you.
You closely miss the gnoll.
The gnoll is severely wounded.
The gnoll misses you.
You hit the gnoll.
You kill the gnoll!
Lugonu accepts your kill.
You have reached level 5!
Your demonic ancestry asserts itself...
You feel completely energised by your suffering.
The gnoll hits you.
* * * LOW HITPOINT WARNING * * *
The gnoll hits you from afar with a halberd!
You die...

......##.............#.#######.##
......##............##.# #..#
......##....##....#....# ##.#
......##....##.######### ..
########.......####.# #.
#.....###....# . #.....# #g#..# .
#.....###g#.## #####....@#.#
#######{# ... (.g.. ......<
......... ...........
.S...........


You could see 2 gnolls.

Vanquished Creatures
  An orc priest (D:3)
  An orc wizard (D:3)
  A gnoll (D:3)
  An adder (D:2)
  2 leopard geckos
  3 orcs (D:3)
  9 bats
  11 goblins
  6 hobgoblins
  9 kobolds
  A ball python (D:2)
  7 frilled lizards
  8 rats
60 creatures vanquished.

Notes
Turn   | Place    | Note
-------+----------+-------------------------------------------
     0 | Abyss:1  | tyranidshit the Demonspawn Abyssal Knight began the quest for the Orb.
     0 | Abyss:1  | Reached XP level 1. HP: 18/18 MP: 2/2
     9 | Abyss:1  | Found an ancient bone altar of Kikubaaqudgha.
    67 | D:1      | Escaped the Abyss
   200 | D:1      | Gained mutation: You have a pair of small antennae on your head. [demonic ancestry]
   200 | D:1      | Reached XP level 2. HP: 14/24 MP: 3/3
   284 | D:1      | Reached * piety under Lugonu
   507 | D:1      | Reached skill level 4 in Fighting
   645 | D:1      | Gained mutation: You sometimes gain a little power by taking damage. [demonic ancestry]
   645 | D:1      | Reached XP level 3. HP: 25/30 MP: 4/4
   977 | D:2      | Reached ** piety under Lugonu
  1089 | D:2      | Found a shattered altar of Ashenzari.
  1277 | D:2      | Gained mutation: Your spells are a little harder to cast, but a little more powerful. [potion of mutation]
  1277 | D:2      | Gained mutation: Your spells are harder to cast, but more powerful. [potion of mutation]
  1277 | D:2      | Gained mutation: You are resistant to electric shocks. (rElec) [potion of mutation]
  1700 | D:3      | Gained mutation: You sometimes gain power by taking damage. [demonic ancestry]
  1700 | D:3      | Reached XP level 4. HP: 19/38 MP: 5/5
  1710 | D:3      | HP: 1/38 [orc wizard/dagger (1)]
  1714 | D:3      | Reached skill level 5 in Fighting
  1806 | D:3      | Gained mutation: You are powered by pain. [demonic ancestry]
  1806 | D:3      | Reached XP level 5. HP: 15/46 MP: 6/6
  1807 | D:3      | Slain by a gnoll

Skill      XL: |  1  2  3  4 |
---------------+-------------+-----
Fighting       | 4 5 |  5.8
Axes           | |  1.7
Armour         | |  1.7
Dodging        | |  0.8
Invocations    | |  2.4

Action                   |  1- 3 |  4- 6 || total
-------------------------+-------+-------++-------
Melee: Hand axe          |   145 |    17 ||   162
Invok: Depart the Abyss  |     1 |       ||     1
  Use: Scroll            |     5 |     1 ||     6
       Potion            |     7 |     3 ||    10
  Eat: Chunk             |     2 |       ||     2
       Ration            |     1 |       ||     1
Armor: Ring mail         |    57 |     9 ||    66
       Leather armour    |     1 |       ||     1
Dodge: Dodged            |   112 |    30 ||   142
